[Event "47th GRE-chT 2019"]
[Site "Patra"]
[Date "2019.07.03"]
[Round "3.17"]
[White "Troumouchi, Katholiki"]
[Black "Batsi, Varvara"]
[Result "1-0"]
[ECO "B13"]
[WhiteElo "1149"]
[BlackElo "1214"]
[Annotator "NA"]
[PlyCount "48"]
[EventDate "2019.07.02"]
[EventCountry "GRE"]
[SourceTitle "playchess.com"]
[Source "ChessBase"]
[SourceQuality "1"]
[TimeControl "5400+30"]

1. e4 c6 2. d4 d5 3. exd5 cxd5 4. Nf3 Nc6 5. c3 e6 6. Bd3 Nf6 7. O-O Be7 8. Re1 O-O 9. Nbd2 a6 10. a4 Qc7 11. Qc2 h6 12. Nf1 Bd7 13. Ng3 Rfc8 14. Be3 Nb4 15. Qd2 Nxd3 16. Qxd3 Bd6 17. Ne5 Be8 18. Qd1 b5 19. a5 b4 20. Bd2 bxc3 21. Bxc3 Rab8 22. Ng4 Qe7 23. Nf5 Qd8 24. Nxf6+ gxf6 1-0

[Event "47th GRE-chT 2019"]
[Site "Patra"]
[Date "2019.07.03"]
[Round "3.18"]
[White "Trimitzios, Petros"]
[Black "Danis, Hrisovalantis"]
[Result "1-0"]
[ECO "A05"]
[WhiteElo "2285"]
[BlackElo "1956"]
[Annotator "NA"]
[PlyCount "83"]
[EventDate "2019.07.02"]
[EventCountry "GRE"]
[SourceTitle "playchess.com"]
[Source "ChessBase"]
[SourceQuality "1"]
[TimeControl "5400+30"]

1. Nf3 Nf6 2. c4 g6 3. b3 Bg7 4. Bb2 O-O 5. d4 d6 6. g3 Nc6 7. Bg2 a6 8. O-O Rb8 9. Nbd2 Nd7 10. Qc2 e5 11. d5 Ne7 12. e4 f5 13. Ne1 f4 14. gxf4 exf4 15. Bxg7 Kxg7 16. Qc3+ Kg8 17. Ndf3 h6 18. Nd3 g5 19. Nd4 Ne5 20. Nxe5 dxe5 21. Nf5 Nxf5 22. exf5 Qf6 23. Rfe1 Re8 24. Re2 g4 25. Rae1 Bxf5 26. Rxe5 Rf8 27. Qd2 f3 28. Bf1 Rf7 29. Qf4 Rbf8 30. c5 Kg7 31. Bc4 Rd7 32. c6 bxc6 33. dxc6 Rd6 34. Re7+ Kg6 35. Rxc7 Rxc6 36. Rd1 Rb6 37. Rc5 Qg5 38. Qc7 Rbf6 39. Rd7 Qc1+ 40. Bf1 Qe1 41. Rg7+ Kh5 42. Qf4 1-0

[Event "47th GRE-chT 2019"]
[Site "Patra"]
[Date "2019.07.03"]
[Round "3.18"]
[White "Kouskoutis, Georgios-Alexandros"]
[Black "Georgakopoulos, Nikolaos K."]
[Result "1-0"]
[ECO "A14"]
[WhiteElo "2256"]
[BlackElo "2032"]
[Annotator "NA"]
[PlyCount "85"]
[EventDate "2019.07.02"]
[EventCountry "GRE"]
[SourceTitle "playchess.com"]
[Source "ChessBase"]
[SourceQuality "1"]
[TimeControl "5400+30"]

1. c4 e6 2. g3 Nf6 3. Bg2 d5 4. Nf3 Be7 5. O-O O-O 6. b3 d4 7. e3 c5 8. exd4 cxd4 9. d3 Nc6 10. Re1 Nd7 11. a3 a5 12. Nbd2 e5 13. Ne4 h6 14. c5 f5 15. Nd6 Nxc5 16. Nxc8 Bf6 17. Qc2 Ne6 18. Qc4 Qxc8 19. Bf4 b5 20. Qxb5 exf4 21. Rac1 Ned8 22. Nd2 fxg3 23. hxg3 Ra6 24. b4 axb4 25. axb4 Kh8 26. Qc4 Ra3 27. Nb1 Rc3 28. Nxc3 dxc3 29. Qc5 Ne7 30. d4 Qxc5 31. dxc5 Ndc6 32. b5 Nb4 33. Rxc3 Bxc3 34. Rxe7 Nd3 35. c6 Ba5 36. Bd5 Bb6 37. Rb7 Bxf2+ 38. Kg2 Nc5 39. Rf7 Rd8 40. c7 Rc8 41. Kxf2 Nd3+ 42. Ke3 Nb4 43. Be6 1-0

[Event "47th GRE-chT 2019"]
[Site "Patra"]
[Date "2019.07.03"]
[Round "3.19"]
[White "Patrelakis, Evaggelos"]
[Black "Chatzieleftheriou, Andreas"]
[Result "1/2-1/2"]
[ECO "B27"]
[WhiteElo "2209"]
[BlackElo "2208"]
[Annotator "NA"]
[PlyCount "69"]
[EventDate "2019.07.02"]
[EventCountry "GRE"]
[SourceTitle "playchess.com"]
[Source "ChessBase"]
[SourceQuality "1"]
[TimeControl "5400+30"]

1. e4 c6 2. d4 d5 3. e5 g6 4. Nf3 Bg7 5. c4 Bg4 6. cxd5 cxd5 7. Nc3 Bxf3 8. Qxf3 e6 9. Be3 Ne7 10. Bd3 Nbc6 11. O-O O-O 12. Qd1 Nxe5 13. dxe5 d4 14. Bd2 dxc3 15. Bxc3 Nd5 16. Be4 Nxc3 17. bxc3 Bxe5 18. Qxd8 Raxd8 19. Bxb7 Bxc3 20. Rac1 Bd4 21. Rfd1 Rd6 22. Kf1 e5 23. Rd2 Kg7 24. Rc7 Rfd8 25. Ke2 h5 26. Be4 Bb6 27. Rxd6 Rxd6 28. Rb7 Rf6 29. f3 g5 30. h3 g4 31. hxg4 hxg4 32. fxg4 Rf2+ 33. Kd3 Rxa2 34. Rxf7+ Kxf7 35. Bd5+ 1/2-1/2

[Event "47th GRE-chT 2019"]
[Site "Patra"]
[Date "2019.07.03"]
[Round "3.19"]
[White "Rousos, Stamatios"]
[Black "Polymeras, Evangelos"]
[Result "0-1"]
[ECO "C60"]
[WhiteElo "1741"]
[BlackElo "1766"]
[Annotator "NA"]
[PlyCount "88"]
[EventDate "2019.07.02"]
[EventCountry "GRE"]
[SourceTitle "playchess.com"]
[Source "ChessBase"]
[SourceQuality "1"]
[TimeControl "5400+30"]

1. e4 e5 2. Nf3 Nc6 3. Bb5 g6 4. O-O Bg7 5. d3 Nge7 6. c3 a6 7. Ba4 O-O 8. Qe2 d6 9. Nbd2 h6 10. Rd1 Kh7 11. Bc2 f5 12. h3 f4 13. a4 g5 14. Nh2 Qe8 15. Ndf3 Qg6 16. d4 h5 17. h4 g4 18. Ng5+ Kh8 19. g3 fxg3 20. fxg3 exd4 21. Bd2 Be5 22. Kg2 Bd7 23. Bb3 dxc3 24. bxc3 Kg7 25. Rf1 Rxf1 26. Rxf1 Rf8 27. Bf7 Rxf7 28. Rxf7+ Kg8 29. Qf1 Bg7 30. Rf2 Ne5 31. Qb1 Bc6 32. Bf4 d5 33. Bxe5 dxe4 34. Kg1 e3 35. Rb2 Qxb1+ 36. Rxb1 Bxe5 37. Re1 Bxg3 38. Rxe3 Bxh4 39. Rxe7 Bxg5 40. Re5 Bf4 41. Rxh5 Be3+ 42. Kf1 g3 43. Ke2 g2 44. Nf3 Bxf3+ 0-1

[Event "47th GRE-chT 2019"]
[Site "Patra"]
[Date "2019.07.03"]
[Round "3.20"]
[White "Merkos, Thomas"]
[Black "Karavitaki, Antonia"]
[Result "1-0"]
[ECO "B27"]
[WhiteElo "1665"]
[BlackElo "1481"]
[Annotator "NA"]
[PlyCount "113"]
[EventDate "2019.07.02"]
[EventCountry "GRE"]
[SourceTitle "playchess.com"]
[Source "ChessBase"]
[SourceQuality "1"]
[TimeControl "5400+30"]

1. e4 c5 2. Nf3 g6 3. d4 cxd4 4. Qxd4 Nf6 5. e5 Nc6 6. Qa4 Ng8 7. Bf4 Bg7 8. Bc4 Nh6 9. Nc3 O-O 10. O-O-O Qa5 11. Qxa5 Nxa5 12. Bb5 Nc6 13. Nd5 e6 14. Nc7 Rb8 15. h3 Nf5 16. g4 Nh6 17. Bg5 Kh8 18. Bxc6 bxc6 19. Be7 Rg8 20. Rhe1 Bf8 21. Bf6+ Bg7 22. Bxg7+ Kxg7 23. Re3 Rd8 24. Ra3 Rb7 25. Na6 Ng8 26. Nc5 Rb5 27. Ne4 a6 28. Nd6 Rd5 29. Nxc8 Rxc8 30. Rxa6 Ne7 31. Ra7 Rd8 32. c4 Rxd1+ 33. Kxd1 h6 34. b4 Kf8 35. Kd2 Ke8 36. Kc3 Rb8 37. a4 Nc8 38. Ra5 Nb6 39. Ra6 Kd8 40. Nd2 Kc7 41. Ra7+ Kd8 42. Ne4 Nc8 43. Ra6 Kc7 44. b5 Rb7 45. Kb4 g5 46. c5 cxb5 47. axb5 Rb8 48. Nd6 Nxd6 49. exd6+ Kc8 50. c6 dxc6 51. Rxc6+ Kd7 52. Kc5 f5 53. Rc7+ Kd8 54. Kc6 f4 55. b6 f3 56. b7 e5 57. Rh7 1-0

[Event "47th GRE-chT 2019"]
[Site "Patra"]
[Date "2019.07.03"]
[Round "3.20"]
[White "Peikos, Rafail"]
[Black "Stathatos, Alexandros"]
[Result "0-1"]
[ECO "D02"]
[WhiteElo "1309"]
[BlackElo "1348"]
[Annotator "NA"]
[PlyCount "70"]
[EventDate "2019.07.02"]
[EventCountry "GRE"]
[SourceTitle "playchess.com"]
[Source "ChessBase"]
[SourceQuality "1"]
[TimeControl "5400+30"]

1. Nf3 d5 2. d4 Nf6 3. g3 c5 4. e3 Nc6 5. Bg2 Bg4 6. O-O e6 7. b3 cxd4 8. exd4 Ne4 9. Bb2 Be7 10. Nc3 f5 11. Ne2 g5 12. Ne5 Nxe5 13. dxe5 Bc5 14. Qe1 Qb6 15. Bxe4 fxe4 16. Kg2 Bf3+ 17. Kg1 Bg4 18. Kg2 Bf3+ 19. Kg1 e3 20. fxe3 Bxe3+ 21. Rf2 Bxf2+ 22. Qxf2 Bxe2 23. Bd4 Qa6 24. c4 Bh5 25. Qf6 Rf8 26. Qxg5 Bg6 27. Bc5 Rf7 28. Rf1 Qc6 29. Bd6 Rxf1+ 30. Kxf1 Qd7 31. cxd5 Qf7+ 32. Kg1 exd5 33. b4 Rc8 34. Qe3 Be4 35. Qg5 Rc2 0-1

[Event "47th GRE-chT 2019"]
[Site "Patra"]
[Date "2019.07.03"]
[Round "3.23"]
[White "Spyropoulos, Nikolaos"]
[Black "Georgiev, Krum"]
[Result "1-0"]
[ECO "B84"]
[WhiteElo "2404"]
[BlackElo "2323"]
[Annotator "NA"]
[PlyCount "55"]
[EventDate "2019.07.02"]
[EventCountry "GRE"]
[SourceTitle "playchess.com"]
[Source "ChessBase"]
[SourceQuality "1"]
[TimeControl "5400+30"]

1. e4 c5 2. Nf3 d6 3. d4 cxd4 4. Nxd4 Nf6 5. Nc3 a6 6. Be2 e6 7. Be3 Qc7 8. g4 h6 9. a3 b5 10. h4 Bb7 11. Bf3 Nfd7 12. g5 Ne5 13. g6 Nbc6 14. gxf7+ Qxf7 15. Bh5 g6 16. Be2 O-O-O 17. Qd2 Bg7 18. O-O-O Nxd4 19. Bxd4 Nf3 20. Bxf3 Bxd4 21. Qxd4 Qxf3 22. Rhg1 Rhg8 23. a4 bxa4 24. Qa7 a3 25. Rg3 Qf6 26. Kb1 d5 27. Na4 Rd7 28. Rb3 1-0

[Event "47th GRE-chT 2019"]
[Site "Patra"]
[Date "2019.07.03"]
[Round "3.26"]
[White "Louka, Magdalini"]
[Black "Stratigi, Evangelia"]
[Result "0-1"]
[ECO "B48"]
[WhiteElo "1766"]
[BlackElo "1624"]
[Annotator "NA"]
[PlyCount "52"]
[EventDate "2019.07.02"]
[EventCountry "GRE"]
[SourceTitle "playchess.com"]
[Source "ChessBase"]
[SourceQuality "1"]
[TimeControl "5400+30"]

1. e4 c5 2. Nf3 e6 3. d4 cxd4 4. Nxd4 Nc6 5. Nc3 Qc7 6. Be3 a6 7. Qd2 Nf6 8. f4 b5 9. e5 Ng4 10. Bg1 Bb4 11. O-O-O O-O 12. h3 Nh6 13. a3 Be7 14. Be3 Nxd4 15. Bxd4 Nf5 16. Bf2 b4 17. axb4 Bxb4 18. g4 Ne7 19. Bg2 Rb8 20. Qd3 Rd8 21. Ne4 Qa5 22. Kb1 Nd5 23. Be3 Bb7 24. Rhg1 Bc6 25. Bd2 Bxd2 26. Qxd2 Rxb2+ 0-1

[Event "47th GRE-chT 2019"]
[Site "Patra"]
[Date "2019.07.03"]
[Round "3.27"]
[White "Kaliontzaki, Argyro Evanthia"]
[Black "Kouta, Antonia"]
[Result "0-1"]
[ECO "A37"]
[WhiteElo "1324"]
[BlackElo "1762"]
[Annotator "NA"]
[PlyCount "52"]
[EventDate "2019.07.02"]
[EventCountry "GRE"]
[SourceTitle "playchess.com"]
[Source "ChessBase"]
[SourceQuality "1"]
[TimeControl "5400+30"]

1. c4 c5 2. g3 Nc6 3. Bg2 g6 4. Nc3 Bg7 5. Nf3 e6 6. O-O Nge7 7. d3 O-O 8. Be3 Nd4 9. Qd2 Nef5 10. Rab1 Nxe3 11. fxe3 Nf5 12. d4 Bh6 13. Nd1 d5 14. cxd5 exd5 15. Qd3 Nxg3 16. hxg3 Bf5 17. Qa3 Bxb1 18. dxc5 Re8 19. b4 Bc2 20. Qc3 Bxd1 21. Rxd1 Rxe3 22. Qd4 Rxe2 23. Qxd5 Qe7 24. Qd3 Re8 25. a4 Qf6 26. Qb1 Rxg2+ 0-1

[Event "47th GRE-chT 2019"]
[Site "Patra"]
[Date "2019.07.03"]
[Round "3.28"]
[White "Alexiadis, Hristos"]
[Black "Karousos-Theodorakis, Nikolaos"]
[Result "1-0"]
[ECO "C55"]
[WhiteElo "2344"]
[BlackElo "2304"]
[Annotator "NA"]
[PlyCount "172"]
[EventDate "2019.07.02"]
[EventCountry "GRE"]
[SourceTitle "playchess.com"]
[Source "ChessBase"]
[SourceQuality "1"]
[TimeControl "5400+30"]

1. e4 e5 2. Nf3 Nc6 3. Bc4 Nf6 4. d3 h6 5. Nbd2 d6 6. c3 g6 7. Nf1 Bg7 8. Ng3 O-O 9. h3 Na5 10. Bb5 a6 11. Ba4 b5 12. Bc2 c5 13. O-O Bb7 14. Re1 Re8 15. a3 Rc8 16. b4 Nc6 17. Bb3 a5 18. bxc5 a4 19. Ba2 dxc5 20. Rb1 Ba6 21. Nh4 b4 22. axb4 Bxd3 23. Rb2 c4 24. Rd2 Ne7 25. Qxa4 Ra8 26. Qd1 Qc7 27. Nf3 Ra7 28. Rb2 Rd8 29. Bd2 Rda8 30. Bb1 Ra1 31. Qc1 Kh7 32. Re3 Qd6 33. Kh2 Nd7 34. Qg1 Nb6 35. Re1 Na4 36. Ra2 Rxa2 37. Bxa2 Nxc3 38. Bxc4 Bxc4 39. Bxc3 Nc6 40. Rd1 Qe7 41. Qe1 Rb8 42. Rb1 Rb5 43. Qd2 Bf8 44. Nf1 Qd6 45. Qxd6 Bxd6 46. Ne3 Be6 47. Nc2 f6 48. Nd2 Rb7 49. Ra1 Nd4 50. Ra6 Rd7 51. Bxd4 exd4+ 52. g3 d3 53. Nd4 Bf7 54. Nc6 Kg7 55. Kg2 Rb7 56. Nd8 Rd7 57. Nc6 Rb7 58. Kf3 Bxb4 59. Nxb4 Rxb4 60. Ke3 h5 61. Kxd3 Rb7 62. Ke3 Rc7 63. h4 Rc3+ 64. Kd4 Rc2 65. Kd3 Rc7 66. Rd6 Ra7 67. Ke3 Ra3+ 68. Kf4 Ra7 69. Nf3 Ra2 70. Rd2 Rxd2 71. Nxd2 Be6 72. Nf3 Bb3 73. Nd4 Bc4 74. Nc6 Ba2 75. e5 fxe5+ 76. Kxe5 Kf7 77. Nd8+ Ke7 78. Nb7 Bb3 79. Nc5 Ba2 80. Kf4 Bb1 81. Kg5 Kd6 82. Nb3 Kd5 83. Nd2 Bf5 84. Kf6 Bc2 85. Nf3 Ke4 86. Ne1 Kd5 1-0

[Event "47th GRE-chT 2019"]
[Site "Patra"]
[Date "2019.07.03"]
[Round "3.29"]
[White "Damianou, Ioannis"]
[Black "Loukisas, Dimitrios"]
[Result "0-1"]
[ECO "A26"]
[WhiteElo "2154"]
[BlackElo "1898"]
[Annotator "NA"]
[PlyCount "68"]
[EventDate "2019.07.02"]
[EventCountry "GRE"]
[SourceTitle "playchess.com"]
[Source "ChessBase"]
[SourceQuality "1"]
[TimeControl "5400+30"]

1. c4 Nf6 2. Nc3 g6 3. e4 e5 4. g3 Bg7 5. Bg2 O-O 6. Nge2 Nc6 7. O-O d6 8. d3 Be6 9. h3 Qd7 10. Kh2 Nh5 11. Be3 f5 12. exf5 gxf5 13. f4 Bh6 14. Qd2 Qg7 15. fxe5 Bxe3 16. Qxe3 dxe5 17. Nd5 Kh8 18. Rg1 Rae8 19. Qd2 Bc8 20. Rad1 Nd4 21. Bh1 c6 22. Ndc3 f4 23. gxf4 Qd7 24. Qe3 Nxf4 25. Rgf1 Ndxe2 26. Nxe2 Nxe2 27. Qxe2 Qxh3+ 28. Kg1 Rg8+ 29. Bg2 Rxg2+ 30. Qxg2 Rg8 31. Rd2 Rxg2+ 32. Rxg2 Bf5 33. Rd2 Bc8 34. Rg2 Bf5 0-1

[Event "47th GRE-chT 2019"]
[Site "Patra"]
[Date "2019.07.03"]
[Round "3.30"]
[White "Souchleris, Nikolaos"]
[Black "Christodoulakis, Michail"]
[Result "0-1"]
[ECO "C45"]
[WhiteElo "1204"]
[BlackElo "1224"]
[Annotator "NA"]
[PlyCount "104"]
[EventDate "2019.07.02"]
[EventCountry "GRE"]
[SourceTitle "playchess.com"]
[Source "ChessBase"]
[SourceQuality "1"]
[TimeControl "5400+30"]

1. e4 e5 2. Nf3 Nc6 3. d4 exd4 4. Nxd4 Nf6 5. Nxc6 bxc6 6. e5 Qe7 7. Qe2 Nd5 8. c4 Nb6 9. b3 Qe6 10. f4 g6 11. Qf3 Bg7 12. Ba3 Bb7 13. Qh3 Qxh3 14. gxh3 d6 15. Bb2 Nd7 16. Nc3 dxe5 17. fxe5 Nxe5 18. O-O-O O-O 19. Bg2 Rad8 20. Kb1 Rfe8 21. Rhe1 Rxd1+ 22. Rxd1 Bc8 23. Re1 Bf5+ 24. Ka1 Rd8 25. Rd1 Rxd1+ 26. Nxd1 c5 27. Ne3 Be6 28. Nd5 Bxd5 29. Bxd5 Nd3 30. Bxg7 Kxg7 31. Bc6 Nf4 32. Bd7 f5 33. h4 Kh6 34. Kb2 Ng2 35. Kc2 Nxh4 36. Kd3 Nf3 37. b4 Ne5+ 38. Ke3 Nxd7 39. b5 Ne5 40. b6 cxb6 41. Kf2 Nxc4 42. Kg3 Nd6 43. Kf3 c4 44. Ke2 Kg5 45. Ke3 f4+ 46. Ke2 c3 47. Kd1 f3 48. Ke1 c2 49. Kf2 c1=Q 50. Kg3 Qf4+ 51. Kf2 Ne4+ 52. Kg1 Qc1# 0-1

[Event "47th GRE-chT 2019"]
[Site "Patra"]
[Date "2019.07.03"]
[Round "3.32"]
[White "Morozov, Nichita"]
[Black "Pavlidis, Antonios"]
[Result "1/2-1/2"]
[ECO "E32"]
[WhiteElo "2372"]
[BlackElo "2549"]
[Annotator "ChessBase"]
[PlyCount "101"]
[EventDate "2019.07.02"]
[EventCountry "GRE"]
[SourceTitle "playchess.com"]
[Source "ChessBase"]
[SourceQuality "1"]
[TimeControl "5400+30"]

1. d4 Nf6 2. c4 e6 3. Nc3 Bb4 4. Qc2 d6 5. Nf3 O-O 6. g3 Nc6 7. Bg2 e5 8. d5 Ne7 9. O-O a5 10. Bg5 Bxc3 11. Bxf6 Bb4 12. Ng5 Bf5 13. Qxf5 Nxf5 14. Bxd8 Raxd8 15. Be4 h6 16. Nh7 Kxh7 17. Bxf5+ g6 18. Bc2 f5 19. f3 Kg7 20. Kg2 Bc5 21. Ba4 h5 22. Rad1 Bd4 23. Rd3 h4 24. Rb3 b6 25. e3 Bc5 26. a3 Rh8 27. Rb1 Rh7 28. g4 h3+ 29. Kg3 Bxe3 30. Rxe3 f4+ 31. Kf2 fxe3+ 32. Kxe3 Kh6 33. Bc2 Kg5 34. a4 Rf8 35. Rg1 Rf4 36. Be4 Rh4 37. b3 Rh7 38. Rg3 Rh8 39. Rg1 Rh7 40. Rg3 Rf6 41. Rg1 Rh8 42. Rg3 Rf4 43. Rg1 Rhf8 44. Rg3 Rxe4+ 45. Kxe4 Rf4+ 46. Ke3 Kh4 47. g5 Rd4 48. Rg1 Rf4 49. Rg3 Rd4 50. Rg1 Rf4 51. Rg3 1/2-1/2

[Event "47th GRE-chT 2019"]
[Site "Patra"]
[Date "2019.07.03"]
[Round "3.33"]
[White "Sandalakis, Angelos"]
[Black "Vlahos, Kiriakos"]
[Result "1-0"]
[ECO "E05"]
[WhiteElo "2429"]
[BlackElo "2277"]
[Annotator "NA"]
[PlyCount "91"]
[EventDate "2019.07.02"]
[EventCountry "GRE"]
[SourceTitle "playchess.com"]
[Source "ChessBase"]
[SourceQuality "1"]
[TimeControl "5400+30"]

1. c4 e6 2. Nf3 d5 3. g3 Nf6 4. Bg2 Be7 5. O-O O-O 6. d4 dxc4 7. Qc2 a6 8. a4 Bd7 9. Qxc4 Bc6 10. Bg5 Nbd7 11. Nc3 h6 12. Bxf6 Nxf6 13. Rfd1 a5 14. Ne5 Bxg2 15. Kxg2 c6 16. Qb3 Bb4 17. Na2 Qd5+ 18. Qxd5 cxd5 19. Nxb4 axb4 20. Rd3 b5 21. a5 Ra6 22. Rb3 Rfa8 23. Rxb4 Rxa5 24. Rc1 Ne4 25. Nc6 Ra1 26. Rc2 Nd6 27. Ne5 R1a4 28. Rxa4 bxa4 29. Rc6 Nf5 30. e3 Rb8 31. g4 Ne7 32. Rc7 Ng6 33. Nxf7 Rxb2 34. Nd8 Rb6 35. Ra7 Nh4+ 36. Kg3 g5 37. Rxa4 Rb1 38. Nxe6 Rg1+ 39. Kh3 Nf3 40. Ra8+ Kf7 41. Rf8+ Kxe6 42. Rxf3 Ke7 43. Rg3 Ra1 44. Kg2 Ra2 45. Rf3 Ke6 46. Rf8 1-0

[Event "47th GRE-chT 2019"]
[Site "Patra"]
[Date "2019.07.03"]
[Round "3.34"]
[White "Brokalakis - Gounaris, Christos"]
[Black "Kanakaris, Georgios"]
[Result "0-1"]
[ECO "A49"]
[WhiteElo "1949"]
[BlackElo "2409"]
[Annotator "NA"]
[PlyCount "106"]
[EventDate "2019.07.02"]
[EventCountry "GRE"]
[SourceTitle "playchess.com"]
[Source "ChessBase"]
[SourceQuality "1"]
[TimeControl "5400+30"]

1. Nf3 Nf6 2. g3 g6 3. Bg2 Bg7 4. O-O O-O 5. d4 d6 6. b3 a5 7. Nc3 Nc6 8. Bb2 Bf5 9. Nh4 Bg4 10. h3 Bd7 11. Qd2 Qc8 12. d5 Nb4 13. a3 Na6 14. Kh2 b5 15. e4 Nc5 16. Rae1 c6 17. f4 b4 18. Nd1 bxa3 19. Bxa3 cxd5 20. exd5 Re8 21. Re3 Ra7 22. Rfe1 Kf8 23. Nf3 Qa6 24. Nd4 Rc7 25. Nb2 Qa7 26. c3 Qb8 27. b4 Na4 28. Nxa4 Bxa4 29. bxa5 Qa7 30. Bb4 Rd8 31. Qe2 Ng8 32. Nb5 Bxb5 33. Qxb5 Nf6 34. R1e2 Ne8 35. Qd3 Rdc8 36. Rc2 Rb8 37. Rce2 Bf6 38. Bf3 Rbc8 39. Rc2 Rb7 40. Rce2 Nc7 41. g4 Na6 42. g5 Nxb4 43. cxb4 Bd4 44. Re4 Rxb4 45. Rxe7 Qxe7 46. Rxe7 Kxe7 47. a6 Rc3 48. Qd2 Rcb3 49. Qe1+ Kf8 50. Bd1 Rb2+ 51. Kh1 Rb1 52. Qd2 Bc5 53. h4 Rd4 0-1

[Event "47th GRE-chT 2019"]
[Site "Patra"]
[Date "2019.07.03"]
[Round "3.35"]
[White "Paehtz, Elisabeth"]
[Black "Cibickova, Zuzana"]
[Result "1-0"]
[ECO "D23"]
[WhiteElo "2473"]
[BlackElo "2247"]
[Annotator "ChessBase"]
[PlyCount "137"]
[EventDate "2019.07.02"]
[EventCountry "GRE"]
[SourceTitle "playchess.com"]
[Source "ChessBase"]
[SourceQuality "1"]
[TimeControl "5400+30"]

1. d4 d5 2. Nf3 Nf6 3. c4 c6 4. Qc2 dxc4 5. Qxc4 Bf5 6. g3 e6 7. Bg2 Nbd7 8. O-O Be7 9. e3 O-O 10. Qe2 h6 11. Nc3 Ne4 12. Nd2 Nxd2 13. Bxd2 e5 14. d5 cxd5 15. Nxd5 Nc5 16. Bb4 Bd6 17. Rfd1 Rc8 18. Rac1 Re8 19. e4 Be6 20. Qe3 b6 21. Bf1 Nb7 22. Rxc8 Bxc8 23. Qc1 Bg4 24. Rd2 Bxb4 25. Nxb4 Qc8 26. Rc2 Nc5 27. Na6 Qb7 28. Nxc5 bxc5 29. Qe3 Rc8 30. Bc4 Qb6 31. Bd5 a5 32. Kg2 Qb4 33. h3 Bh5 34. Qc3 Qb5 35. g4 Bg6 36. Qxe5 Re8 37. Qf4 Qd3 38. Rc3 Qe2 39. Rf3 Rf8 40. Qe5 Kh7 41. Re3 Qb5 42. Rb3 Qa4 43. Ra3 Qb5 44. Qc3 Qe2 45. Qe3 Qxb2 46. Rxa5 c4 47. Bxc4 Rc8 48. Ra4 Qc2 49. Bb3 Qb1 50. Rc4 Rxc4 51. Bxc4 Bxe4+ 52. f3 Bg6 53. h4 f5 54. h5 Qc2+ 55. Qe2 Qxe2+ 56. Bxe2 Bf7 57. a4 fxg4 58. Bd3+ Kg8 59. fxg4 Bd5+ 60. Kg3 Bb7 61. a5 Bc8 62. a6 Bxa6 63. Bxa6 Kh7 64. Kf4 Kh8 65. Kf5 Kh7 66. Ke6 Kh8 67. Kf7 Kh7 68. Bd3+ Kh8 69. Kf8 1-0

[Event "47th GRE-chT 2019"]
[Site "Patra"]
[Date "2019.07.03"]
[Round "3.36"]
[White "Ergazaki, Eirini"]
[Black "Tsolakidou, Stavroula"]
[Result "0-1"]
[ECO "B50"]
[WhiteElo "1386"]
[BlackElo "2423"]
[Annotator "NA"]
[PlyCount "72"]
[EventDate "2019.07.02"]
[EventCountry "GRE"]
[SourceTitle "playchess.com"]
[Source "ChessBase"]
[SourceQuality "1"]
[TimeControl "5400+30"]

1. e4 c5 2. Nf3 d6 3. c3 Nf6 4. Bd3 Bg4 5. Bc2 Nc6 6. d3 e6 7. Nbd2 Be7 8. Nf1 h6 9. Ng3 Ne5 10. h3 Bxf3 11. gxf3 Nc6 12. Be3 Qc7 13. Qe2 O-O-O 14. O-O-O Rhe8 15. Kb1 Bf8 16. Rhg1 d5 17. Bd2 Bd6 18. Qf1 Rg8 19. Qg2 g5 20. Ne2 Be7 21. Ng3 Kb8 22. Qh1 Bd6 23. h4 dxe4 24. fxe4 Ng4 25. Be1 Nge5 26. hxg5 hxg5 27. f3 Rh8 28. Qg2 Ng6 29. Nf1 f6 30. Ne3 Bf4 31. Ng4 f5 32. Nf2 Nh4 33. Qh3 Ne5 34. Rh1 Nexf3 35. Qf1 g4 36. exf5 g3 0-1

[Event "47th GRE-chT 2019"]
[Site "Patra"]
[Date "2019.07.03"]
[Round "3.37"]
[White "Tsivelekidou, Evgenia"]
[Black "Matthaiaki, Nefeli"]
[Result "1-0"]
[ECO "E08"]
[WhiteElo "1956"]
[BlackElo "1342"]
[Annotator "NA"]
[PlyCount "141"]
[EventDate "2019.07.02"]
[EventCountry "GRE"]
[SourceTitle "playchess.com"]
[Source "ChessBase"]
[SourceQuality "1"]
[TimeControl "5400+30"]

1. d4 d5 2. c4 e6 3. Nf3 Nf6 4. g3 Be7 5. Bg2 O-O 6. O-O Nbd7 7. Qc2 b6 8. cxd5 exd5 9. Bf4 c5 10. dxc5 Nxc5 11. Nc3 Bb7 12. Nd4 Qd7 13. Rfd1 a6 14. Nf5 Rfd8 15. Nxe7+ Qxe7 16. Rac1 Rac8 17. Be3 Nfe4 18. Qb1 Qe6 19. Nxe4 Nxe4 20. Bd4 Nc5 21. Bf3 Qg6 22. Qxg6 hxg6 23. b4 Na4 24. h4 Ba8 25. h5 gxh5 26. Bxh5 g6 27. Bf3 Kf8 28. Bf6 Rxc1 29. Rxc1 Re8 30. Bg4 b5 31. Bd7 Rb8 32. f3 Nb6 33. Bg4 Nc4 34. Kf2 Rb6 35. Bd4 Rc6 36. Rh1 Ke7 37. Rh8 Bb7 38. Rb8 Rc7 39. Bc5+ Kf6 40. Bd4+ Ke7 41. Bc5+ Kf6 42. Be3 Nxe3 43. Kxe3 Re7+ 44. Kd4 Rc7 45. a3 Rc4+ 46. Kd3 Rc7 47. f4 Ke7 48. Bf3 f5 49. Rh8 Kf6 50. Rf8+ Ke6 51. Re8+ Kf6 52. Re5 Rc1 53. Kd2 Rg1 54. Bxd5 Bxd5 55. Rxd5 Rxg3 56. Rd6+ Kg7 57. Rxa6 Rb3 58. Ra5 Rb2+ 59. Kd3 Ra2 60. e3 Rb2 61. Rxb5 Rb3+ 62. Kd4 Rxa3 63. Rd5 Rb3 64. b5 Rb4+ 65. Kc5 Re4 66. Rd3 Re8 67. Rb3 Rb8 68. b6 Kf7 69. Kd6 Ke8 70. Kc7 Ra8 71. b7 1-0

[Event "47th GRE-chT 2019"]
[Site "Patra"]
[Date "2019.07.03"]
[Round "3.38"]
[White "Kadianis, Georgios"]
[Black "Zisiadis, Dimitrios"]
[Result "0-1"]
[ECO "B06"]
[WhiteElo "1991"]
[BlackElo "2082"]
[Annotator "NA"]
[PlyCount "68"]
[EventDate "2019.07.02"]
[EventCountry "GRE"]
[SourceTitle "playchess.com"]
[Source "ChessBase"]
[SourceQuality "1"]
[TimeControl "5400+30"]

1. e4 g6 2. d4 Bg7 3. Be3 d6 4. Nc3 a6 5. Qd2 Nd7 6. O-O-O b5 7. f3 Bb7 8. g4 Nb6 9. Qf2 Nf6 10. h4 c6 11. h5 Rg8 12. hxg6 hxg6 13. e5 Nfd5 14. Nxd5 Nxd5 15. e6 fxe6 16. Bd3 Qa5 17. Kb1 Kd7 18. Ne2 Raf8 19. Be4 b4 20. g5 Qb5 21. Ka1 Qa4 22. Rh7 Qa5 23. Nc1 Qb5 24. Re1 a5 25. Bd3 Qb6 26. Bxg6 a4 27. Be4 Nxe3 28. Qxe3 Bxd4 29. Bxc6+ Kxc6 30. Qe4+ Kb5 31. Qd3+ Ka5 32. c3 Be5 33. Rf1 Ba6 34. c4 Rf4 0-1

[Event "47th GRE-chT 2019"]
[Site "Patra"]
[Date "2019.07.03"]
[Round "3.39"]
[White "Stefanou, Dimitrios"]
[Black "Kouvidis, Ioannis"]
[Result "1/2-1/2"]
[ECO "A49"]
[WhiteElo "1975"]
[BlackElo "2053"]
[Annotator "NA"]
[PlyCount "76"]
[EventDate "2019.07.02"]
[EventCountry "GRE"]
[SourceTitle "playchess.com"]
[Source "ChessBase"]
[SourceQuality "1"]
[TimeControl "5400+30"]

1. d4 Nf6 2. Nf3 g6 3. g3 Bg7 4. Bg2 O-O 5. O-O d6 6. a4 a5 7. Nc3 d5 8. Bf4 c6 9. Re1 Bf5 10. Ne5 Nbd7 11. e4 Nxe4 12. Nxe4 Bxe4 13. Bxe4 dxe4 14. Rxe4 Nf6 15. Re1 Nd5 16. Bd2 Qc8 17. Qf3 Nf6 18. Rad1 Rd8 19. Nc4 Qh3 20. c3 e6 21. Ne5 Qf5 22. Kg2 Rd5 23. Be3 Qxf3+ 24. Kxf3 Nd7 25. Nxd7 Rxd7 26. Rd2 Bf6 27. Red1 Rad8 28. c4 Be7 29. Ke2 Bb4 30. Rd3 f6 31. f3 Kf7 32. g4 Rd6 33. g5 f5 34. Bf4 R6d7 35. Be5 Be7 36. f4 Bb4 37. Ke3 Be7 38. Ke2 Bb4 1/2-1/2

[Event "47th GRE-chT 2019"]
[Site "Patra"]
[Date "2019.07.03"]
[Round "3.40"]
[White "Kazakos, Nikolaos"]
[Black "Dristellas, Neoklis"]
[Result "0-1"]
[ECO "C47"]
[WhiteElo "1450"]
[BlackElo "1577"]
[Annotator "NA"]
[PlyCount "60"]
[EventDate "2019.07.02"]
[EventCountry "GRE"]
[SourceTitle "playchess.com"]
[Source "ChessBase"]
[SourceQuality "1"]
[TimeControl "5400+30"]

1. e4 e5 2. Nf3 Nc6 3. Nc3 Nf6 4. d4 exd4 5. Nxd4 Be7 6. Nxc6 dxc6 7. Qxd8+ Bxd8 8. f3 O-O 9. Be3 Be6 10. O-O-O Be7 11. Be2 a5 12. Bf4 Rfc8 13. g4 b5 14. Kb1 Nd7 15. h4 Nc5 16. Bf1 Bf6 17. Ne2 Na4 18. e5 Be7 19. Nd4 Rd8 20. Be2 Bd5 21. Nf5 Bc5 22. Rhf1 Rab8 23. Bd3 b4 24. Ng3 Rb7 25. Ne2 Rdb8 26. Be4 Bxe4 27. fxe4 Nc3+ 28. bxc3 bxc3+ 29. Ka1 Ba3 30. Bc1 Rb1# 0-1